 Dungeon Crawl Stone Soup version 0.16.1-11-g651b585 (webtiles) character file.

12117 Krapule the Nimble (level 11, -5/78 HPs)
             Began as an Octopode Transmuter on Mar 29, 2015.
             Was a High Priest of Dithmenos.
             Slain by a vault guard
             ... wielding a +0 battleaxe
              (20 damage)
             ... on level 13 of the Dungeon on Mar 30, 2015.
             The game lasted 02:13:13 (15092 turns).

Krapule the Nimble (Octopode Transmuter)           Turns: 15092, Time: 02:13:13

Health: -5/78      AC:  3    Str:  9 (10) XL:     11   Next: 88%
Magic:  23/26      EV: 17    Int: 17      God:    Dithmenos [*****.]
Gold:   762        SH:  0    Dex: 14      Spells: 3 memorised, 15 levels left

rFire  . . .     SeeInvis .     k - melded +2 dagger (venom)
rCold  . . .     Clarity  .     t - melded +2 buckler
rNeg   . . .     SustAb   .     e - +2 hat
rPois  +         Gourm    .     j - amulet of regeneration
rElec  .         Spirit   .     o - ring of poison resistance
rCorr  .         Warding  .     b - ring of flight (curse)
rMut   .         Stasis   .     (no ring)
MR     .....                    (no ring)
Stlth  +++++++++.               (no ring)
                                (no ring)
                                (no ring)
                                (no ring)

@: blade tentacles, wreathed by umbra, not resistant to hostile enchantments,
incredibly stealthy
A: almost no armour, amphibious, 8 rings, constrict 8, camouflage 1, gelatinous
body 1
a: End Transformation, Shadow Step, Shadow Form, Renounce Religion, Evoke Flight


You were on level 13 of the Dungeon.
You worshipped Dithmenos.
Dithmenos was extremely pleased with you.
You were hungry.
You had blades for tentacles.
You visited 4 branches of the dungeon, and saw 16 of its levels.

You collected 762 gold pieces.

Inventory:

Hand weapons
 k - a +2 dagger of venom (melded)
 y - a +1 scimitar of holy wrath
 E - a +0 short sword of freezing
Armour
 e - a +2 hat (worn)
 t - a +2 buckler (melded)
Jewellery
 b - a cursed ring of flight (right scythe-like blade)
 j - an amulet of regeneration (around mantle)
 o - a ring of poison resistance (left scythe-like blade)
 X - an uncursed amulet of warding
Magical devices
 l - a wand of digging (10)
 q - a wand of teleportation (2)
 r - a wand of magic darts (0)
 u - a wand of polymorph (9)
 v - a wand of heal wounds (3)
 w - a wand of digging (16)
 I - a wand of heal wounds (0)
 M - a wand of lightning (9)
 O - a wand of confusion (13)
 P - a wand of frost (18)
 R - a wand of enslavement (16)
 T - a wand of draining (3)
 U - a wand of teleportation (0)
 V - a wand of confusion (23)
Scrolls
 f - 9 scrolls of identify
 g - 4 scrolls of teleportation
 h - a scroll of amnesia
 n - 3 scrolls of remove curse
 p - 3 scrolls of fear
 K - a scroll of recharging
 Q - a scroll of fog
 W - 2 scrolls of blinking
 Z - a scroll of magic mapping
Potions
 c - a potion of lignification
 x - a potion of cure mutation
 z - a potion of heal wounds
 A - a potion of cancellation
 B - a potion of resistance
 C - 8 potions of curing
 G - a potion of agility
 H - a potion of brilliance
 L - a potion of restore abilities
Comestibles
 a - 7 bread rations
 d - a chunk of flesh
 m - 4 fruits
 J - a beef jerky


   Skills:
 + Level 8.5 Fighting
 + Level 9.1 Dodging
 - Level 9.0 Stealth
 - Level 6.0 Shields
 + Level 4.2 Unarmed Combat
 + Level 7.0 Spellcasting
 - Level 7.0 Transmutations
 - Level 2.0 Poison Magic
 + Level 3.4 Invocations


You had 15 spell levels left.
You knew the following spells:

 Your Spells              Type           Power        Failure   Level  Hunger
a - Beastly Appendage     Trmt           ####..       14%         1    None
b - Spider Form           Trmt/Pois      ###.......   41%         3    ##.....
c - Blade Hands           Trmt           ####......   63%         5    #####..


Dungeon Overview and Level Annotations

Branches:
Dungeon (13/15)            Temple (1/1) D:6            Lair (1/8) D:10
    Orc (1/4) D:11         Vaults (0/5) D:13

Altars:
Ashenzari
Cheibriados
Dithmenos
Elyvilon
Fedhas
Gozag
Kikubaaqudgha
Makhleb
Nemelex Xobeh
Okawaru
Qazlal
Ru
Sif Muna
Trog
Vehumet
Xom
Yredelemnul
Zin
The Shining One

Shops:
D:3 *   D:4 *

Annotations:
D:5 Eustachio
D:11 Fannar
D:12 exclusion: ice statue


Innate Abilities, Weirdness & Mutations

You cannot wear most types of armour.
You are amphibious.
You can wear up to eight rings at the same time.
You can use your tentacles to constrict many enemies at once.
Your skin changes colour to match your surroundings (Stealth).
Your rubbery body absorbs attacks (AC +1).


Message History

You emit a cloud of dark smoke.
You hit the vault guard.
The vault guard is moderately wounded.
You constrict the vault guard, but do no damage.
The vault guard closely misses you.
You hit the vault guard but do no damage.
The vault guard is moderately wounded.
You constrict the vault guard, but do no damage.
You hit the vault guard.
The vault guard is moderately wounded.
You constrict the vault guard, but do no damage.
The vault guard hits you with a battleaxe!!
* * * LOW HITPOINT WARNING * * *
You release your grip on the vault guard.
Evoke which item? (* to show all) (? for menu, Esc to quit)
You have no means to grasp a wand firmly enough.
You are feeling hungry.
There is a stone staircase leading up here.
The vault guard hits you with a battleaxe!!
You die...

###.#...... +...'......
###### #.†##......
......# #..#...##+#
.......# ...#..#...#..'
........# #.<.#..+..<#..#
.......+ +...+..#...+..#
........###...##+#...####
#..@................
#..p................
#...................
+..§§.§.............
#..§..§§............
#...####§####'###+##..
##.# ##§#........+.. #.
#.+........#.. #.
#.###+##'###..


You could see a vault guard.

Vanquished Creatures
  3 hill giants
  A cyclops (D:12)
  Joseph (D:8)
  3 trolls
  A two-headed ogre (D:11)
  2 deep elf magi
  A wyvern (D:12)
  A wraith (D:7)
  7 yaks
  A deep elf fighter (D:10)
  3 hippogriffs
  2 hungry ghosts
  2 water moccasins
  2 steam dragons
  A warg (Orc:1)
  2 ice beasts
  2 black bears
  2 phantoms
  3 sky beasts
  2 orc warriors
  A wasp (D:12)
  4 ogres
  8 centaurs
  Sigmund (D:6)
  An elf zombie (D:7)
  Blork the orc (D:7)
  An elf skeleton (D:7)
  6 giant frogs
  A wyvern zombie (D:7)
  4 scorpions
  10 killer bees (D:9)
  2 wights
  An electric eel (D:10)
  9 crimson imps
  4 goliath beetles
  4 hounds
  4 jellies
  12 orc priests
  2 centaur skeletons
  A gnoll shaman (D:5)
  9 worker ants
  3 human zombies (D:7)
  12 orc wizards
  2 quasits
  A giant frog skeleton (D:10)
  4 iguanas
  A killer bee zombie (D:10)
  2 sheep (D:12)
  A hound skeleton (D:7)
  5 mummies
  Robin (D:4)
  16 adders
  9 gnolls
  6 river rats (D:10)
  2 giant mites
  4 worms
  2 adder zombies (D:5)
  An ooze (D:4)
  85 orcs
  2 ball pythons (D:2)
  18 bats
  5 giant cockroaches
  25 goblins
  27 hobgoblins
  12 jackals
  19 kobolds
  4 quokkas
  4 giant geckos
  A giant gecko skeleton (D:8)
  4 giant newts
  An orc zombie (D:7)
  A quokka skeleton (D:4)
  25 rats
  A ballistomycete (D:9)
434 creatures vanquished.

Vanquished Creatures (others)
  A giant spore (D:9)
  A ballistomycete (D:9)
2 creatures vanquished.

Grand Total: 436 creatures vanquished

Notes
Turn   | Place    | Note
--------------------------------------------------------------
     0 | D:1      | Krapule, the Octopode Transmuter, began the quest for the Orb.
     0 | D:1      | Reached XP level 1. HP: 13/13 MP: 3/3
   130 | D:1      | You fall through a shaft!
   132 | D:2      | Reached skill level 1 in Stealth
   343 | D:2      | Reached XP level 2. HP: 11/18 MP: 4/4
   853 | D:1      | Reached XP level 3. HP: 21/23 MP: 6/6
  1172 | D:1      | Learned a level 3 spell: Spider Form
  1467 | D:2      | Reached XP level 4. HP: 29/29 MP: 7/7
  1486 | D:2      | Reached skill level 1 in Poison Magic
  1529 | D:2      | Found a glowing silver altar of Zin.
  1794 | D:2      | Reached XP level 5. HP: 18/35 MP: 9/9
  2232 | D:3      | Found Gozag's Platinum Reserve.
  2233 | D:3      | Found an opulent altar of Gozag.
  2563 | D:3      | Found an ancient bone altar of Kikubaaqudgha.
  3074 | D:4      | Reached XP level 6. HP: 42/42 MP: 8/10
  3620 | D:4      | Noticed Robin
  3642 | D:4      | Killed Robin
  3652 | D:4      | Reached skill level 4 in Stealth
  3978 | D:4      | Found Wabralud's General Store.
  4149 | D:5      | Entered Level 5 of the Dungeon
  4233 | D:4      | Reached XP level 7. HP: 41/46 MP: 12/12
  4572 | D:5      | Reached skill level 1 in Shields
  4685 | D:6      | Found a staircase to the Ecumenical Temple.
  4718 | D:6      | Noticed Sigmund
  4726 | D:6      | Killed Sigmund
  4792 | D:6      | Reached XP level 8. HP: 50/54 MP: 13/15
  5004 | D:5      | Reached skill level 5 in Dodging
  5272 | D:5      | Noticed Eustachio
  5361 | D:5      | Found a sparkling altar of Nemelex Xobeh.
  5462 | D:5      | Found a basalt altar of Yredelemnul.
  5468 | D:5      | Found a shattered altar of Ashenzari.
  5471 | D:5      | Found a stormy altar of Qazlal.
  5799 | D:6      | Reached skill level 5 in Transmutations
  6040 | Temple   | Entered the Ecumenical Temple
  6458 | Temple   | Became a worshipper of Dithmenos the Shadowed
  6592 | D:6      | Reached skill level 5 in Fighting
  6882 | D:7      | Noticed Blork the orc
  7296 | D:7      | Reached skill level 5 in Stealth
  7296 | D:7      | Reached XP level 9. HP: 29/61 MP: 17/19
  7564 | D:7      | Reached skill level 6 in Dodging
  7795 | D:7      | Found a basalt altar of Yredelemnul.
  7979 | D:7      | Killed Blork the orc
  8072 | D:7      | Reached skill level 5 in Spellcasting
  8384 | D:8      | Found a sacrificial altar of Ru.
  8457 | D:8      | Acquired Dithmenos' first power
  8497 | D:8      | Noticed Joseph
  8551 | D:8      | Killed Joseph
  8551 | D:8      | Reached skill level 7 in Stealth
  8551 | D:8      | Reached skill level 1 in Invocations
  8612 | D:8      | Reached XP level 10. HP: 43/69 MP: 22/22
  9109 | D:8      | Noticed a hill giant
  9534 | D:9      | Reached skill level 8 in Stealth
  9797 | D:9      | Reached skill level 5 in Shields
  9975 | D:9      | Learned a level 5 spell: Blade Hands
 10231 | D:9      | Acquired Dithmenos' second power
 10460 | D:9      | Reached skill level 9 in Stealth
 10722 | D:10     | Entered Level 10 of the Dungeon
 11103 | D:10     | Reached XP level 11. HP: 49/75 MP: 24/24
 11458 | D:10     | Noticed a hill giant
 11543 | D:10     | Found a staircase to the Lair.
 11552 | Lair:1   | Entered Level 1 of the Lair of Beasts
 11650 | D:9      | Killed a hill giant
 11718 | D:10     | Acquired Dithmenos' third power
 12005 | D:10     | Noticed a hill giant
 12034 | D:10     | Killed a hill giant
 12413 | D:11     | Noticed a hill giant
 12438 | D:11     | Killed a hill giant
 12636 | D:11     | Found a staircase to the Orcish Mines.
 13127 | D:11     | Noticed Fannar
 13445 | D:12     | Found a frozen archway.
 13445 | D:12     | Noticed an ice statue
 13482 | D:12     | Found a blossoming altar of Fedhas.
 13631 | D:12     | Acquired Dithmenos' fourth power
 14481 | Orc:1    | Entered Level 1 of the Orcish Mines
 14808 | D:11     | Upgraded the game from 0.16.1-7-g2c6721e to 0.16.1-11-g651b585
 15070 | D:13     | Found a gate to the Vaults.
 15070 | D:13     | Noticed a vault guard
 15070 | D:13     | Noticed a vault guard
 15070 | D:13     | Noticed a vault guard
 15070 | D:13     | Noticed a vault guard
 15092 | D:13     | Slain by a vault guard

Action                   |  1- 3 |  4- 6 |  7- 9 | 10-12 || total
-------------------------+-------+-------+-------+-------++-------
Melee: Unarmed           |    89 |   230 |   167 |   318 ||   804
       Scimitar          |       |       |    98 |       ||    98
       Short sword       |       |       |   168 |    49 ||   217
       Long sword        |       |       |     4 |       ||     4
       Dagger            |       |       |       |   425 ||   425
 Cast: Beastly Appendage |     2 |     2 |       |       ||     4
       Spider Form       |       |     3 |    10 |    14 ||    27
       Blade Hands       |       |       |       |     4 ||     4
Evoke: Wand              |       |     1 |     7 |    19 ||    27
  Use: Potion            |       |     5 |       |    13 ||    18
       Scroll            |       |     6 |     7 |     8 ||    21
 Stab: Sleeping          |     8 |     8 |    25 |    30 ||    71
       Distracted        |       |       |     1 |     4 ||     5
       Invisible         |       |       |     1 |       ||     1
       Paralysed         |       |       |     1 |       ||     1
  Eat: Chunk             |     2 |    11 |    11 |    25 ||    49
       Bread ration      |       |       |     1 |     2 ||     3
       Beef jerky        |       |       |     1 |       ||     1
       Fruit             |       |       |     1 |     4 ||     5
       Pizza             |       |       |     1 |       ||     1
